 Dungeon Crawl Stone Soup version 0.17.0-28-g6e173f8 (webtiles) character file.

30 lucasterio the Ruffian (level 3, -4/30 HPs)
             Began as a Draconian Transmuter on Nov 25, 2015.
             Slain by a gnoll
             ... wielding a +0 flail
              (7 damage)
             ... on level 1 of the Dungeon.
             The game lasted 00:03:52 (1070 turns).

lucasterio the Ruffian (Draconian Transmuter)       Turns: 1070, Time: 00:03:52

Health: -4/30      AC:  5    Str: 13    XL:     3   Next: 5%
Magic:  6/6        EV: 12    Int: 13    God:
Gold:   20         SH:  0    Dex: 11    Spells: 1 memorised, 5 levels left

rFire  . . .     SeeInvis .       - Unarmed
rCold  . . .     Clarity  .     (armour unavailable)
rNeg   . . .     SustAt   .     (no shield)
rPois  .         Gourm    .     (helmet restricted)
rElec  .         Spirit   .     (no cloak)
rCorr  .         Warding  .     (no gloves)
rMut   .         Stasis   .     (no boots)
MR     .....                    (no amulet)
Stlth  +.........               (no ring)
                                (no ring)

@: not resistant to hostile enchantments, very unstealthy
A: unfitting armour, cold-blooded, AC +5
a: no special abilities


You were on level 1 of the Dungeon.
You were hungry.

You visited 1 branch of the dungeon, and saw 2 of its levels.

You collected 20 gold pieces.

Inventory:

Missiles
 a - 12 arrows
Scrolls
 g - a scroll of identify {unknown}
 j - a scroll of remove curse {unknown}
Potions
 d - 2 potions of haste {unknown}
 e - a potion of curing {unknown}
 h - a potion of degeneration {unknown}
 i - a potion of brilliance {unknown}
Books
 b - a book of Changes

   Spells                             Type                      Level
   a - Beastly Appendage              Transmutation                1
   b - Sticks to Snakes               Transmutation                2
   c - Spider Form                    Transmutation/Poison         3
   d - Ice Form                       Ice/Transmutation            4
   e - Blade Hands                    Transmutation                5
Comestibles
 c - a bread ration
 k - a meat ration


   Skills:
 * Level 2.3 Fighting
 + Level 2.0 Dodging
 * Level 3.5 Unarmed Combat
 - Level 2.0 Spellcasting
 - Level 2.0 Transmutations


You had 5 spell levels left.
You knew the following spells:

 Your Spells              Type           Power        Failure   Level  Hunger
a - Beastly Appendage     Trmt           #.....       12%         1    ##.....


Dungeon Overview and Level Annotations

Branches:
Dungeon (2/15)

Altars:


Innate Abilities, Weirdness & Mutations

Your plain brown scales are hard (AC +5).
Your body does not fit into most forms of armour.
You are cold-blooded and may be slowed by cold attacks.


Message History

A gnoll comes into view. It is wielding a club.
You hit the gnoll but do no damage.
Your tail-slap misses the gnoll.
The gnoll is moderately wounded.
The gnoll closely misses you.
The gnoll hits you from afar with a spear.
The gnoll hits you with a club. The gnoll closely misses you.
The gnoll closely misses you.
Your horns disappear.
All of the chunks of flesh in your inventory have rotted away.
There is a stone staircase leading up here.
You climb upwards.
There is a stone staircase leading down here.
You barely miss the gnoll. The gnoll hits you with a flail!
* * * LOW HITPOINT WARNING * * *
You are too injured to fight recklessly!
You barely miss the gnoll. You tail-slap the gnoll.
The gnoll is moderately wounded.
The gnoll hits you with a flail!
You die...

..# #.#.# #.# ##)## ..#
#...####.# #...# ..#
#........# #...# ..#
#....##..## #...# ..#
#.....)...# #.###
..#######....##.#.######.##
..........................#
..................######..#
...##..##.....#.@.# #..#
........รท.......g.# #..#
...).........##...######..#
#########...####..........#
#########.#.###..[#######.#
........#....#....# #.#
#######.#........## ##.##
#.## #.#.#..###.## ##...##
.#.####.#.#..##...###
#.....#


You could see a gnoll.

Vanquished Creatures
  An ooze (D:1)
  3 hobgoblins (D:1)
  4 jackals (D:1)
  5 kobolds (D:1)
  4 bats (D:1)
  A giant newt (D:1)
  5 goblins (D:1)
  3 rats
26 creatures vanquished.

Notes
Turn   | Place    | Note
--------------------------------------------------------------
     0 | D:1      | lucasterio the Draconian Transmuter began the quest for the Orb.
     0 | D:1      | Reached XP level 1. HP: 16/16 MP: 3/3
     2 | D:1      | Noticed a vampire
     4 | D:1      | Noticed a vine stalker
     4 | D:1      | Noticed a merfolk
     6 | D:1      | Noticed a demonspawn
     6 | D:1      | Noticed a tengu
     8 | D:1      | Noticed a demigod
    10 | D:1      | Noticed a minotaur
    10 | D:1      | Noticed an ogre
    12 | D:1      | Noticed a felid
    14 | D:1      | Noticed a formicid
    14 | D:1      | Noticed an octopode
    16 | D:1      | Noticed a dwarf
    16 | D:1      | Noticed a draconian
    18 | D:1      | Noticed a troll
    18 | D:1      | Noticed a spriggan
    20 | D:1      | Noticed a human
    20 | D:1      | Noticed a gargoyle
    23 | D:1      | Noticed a centaur
    25 | D:1      | Noticed a ghoul
    27 | D:1      | Noticed an elf
    27 | D:1      | Noticed a naga
   190 | D:1      | Reached XP level 2. HP: 12/24 MP: 3/5
   809 | D:1      | Reached XP level 3. HP: 21/30 MP: 6/6
  1070 | D:1      | Slain by a gnoll

Action                   || total
-------------------------++-------
Melee: Unarmed           ||   105
 Cast: Beastly Appendage ||     2
